 Dungeon Crawl Stone Soup version 0.21.1-1-g345015fe64 (webtiles) character file.

598 Ivernyr the Skirmisher (level 7, -1/37 HPs)
             Began as a Vine Stalker Monk on June 13, 2018.
             Slain by Prince Ribbit (3 damage)
             ... on level 4 of the Dungeon.
             The game lasted 00:17:27 (4549 turns).

Ivernyr the Skirmisher (Vine Stalker Monk)          Turns: 4549, Time: 00:17:28

Health: -1/37      AC: 14    Str: 14    XL:     7   Next: 40%
Magic:  0/8        EV:  3    Int: 10    God:
Gold:   203        SH: 12    Dex: 18    Spells: 6/6 levels left

rFire    . . .     SeeInvis .   a - +0 mace
rCold    . . .     Gourm    .   g - +0 large shield
rNeg     . . .     Faith    .   b - +0 plate armour
rPois    .         Spirit   +   (no helmet)
rElec    .         Reflect  .   (no cloak)
rCorr    .         Harm     .   m - +2 pair of gloves {archery}
MR       .....                  (no boots)
Stlth    ..........             (no amulet)
HPRegen  0.52/turn              o - +3 ring of evasion
MPRegen  0.11/turn              (no ring)

@: no status effects
A: fangs 2, regeneration 1, magic shield, antimagic bite, no potion heal 3, rot
immunity
a: no special abilities


You were on level 4 of the Dungeon.
You were near starving.

You visited 1 branch of the dungeon, and saw 5 of its levels.

You collected 203 gold pieces.

Inventory:

Hand Weapons
 a - a +0 mace (weapon)
Armour
 b - a +0 plate armour (worn)
 g - a +0 large shield (worn)
 m - a +2 pair of gloves of archery (worn)
Jewellery
 o - a +3 ring of evasion (left hand)
Scrolls
 f - 2 scrolls of identify {unknown}
 i - a scroll of immolation {unknown}
 j - a scroll of random uselessness {unknown}
 k - a scroll of fog {unknown}
 n - a scroll of blinking {unknown}
 s - a scroll of remove curse {unknown}
 v - a scroll of enchant armour {unknown}
 w - a scroll of amnesia {unknown}
 x - a scroll of teleportation {unknown}
Potions
 d - a potion of lignification {unknown}
 e - 2 potions of brilliance {unknown}
 h - 2 potions of curing {unknown}
 l - 2 potions of flight {unknown}
 p - a potion of haste
 r - a potion of resistance {unknown}
 t - a potion of degeneration {unknown}
Comestibles
 c - 12 rations


   Skills:
 + Level 4.1 Fighting
 + Level 4.1 Maces & Flails
 * Level 3.9 Armour
 - Level 2.4 Dodging
 - Level 2.4 Stealth
 + Level 2.6 Shields


You had 6 spell levels left.
You didn't know any spells.

Dungeon Overview and Level Annotations

Branches:
Dungeon (5/15)
 Temple: D:4-7

Altars:
Hepliaklqana
Nemelex Xobeh
Sif Muna
The Shining One

Annotations:
D:4 Prince Ribbit
D:5 Edmund


Innate Abilities, Weirdness & Mutations

You have extremely sharp teeth.
Your natural rate of healing is unusually fast.
When hurt, damage is shared between your health and your magic reserves.
Your bite disrupts and absorbs the magic of your enemies.
Potions cannot restore your health.
You are immune to rotting.


Message History

You block Prince Ribbit's attack. Prince Ribbit hits you.
* * * LOW HITPOINT WARNING * * *
Your plate armour prevents you from hitting Prince Ribbit.
Your bite misses Prince Ribbit.
Prince Ribbit is moderately wounded.
Prince Ribbit hits you but does no damage.
Prince Ribbit blinks!
You block Prince Ribbit's attack.
You closely miss Prince Ribbit. Your bite misses Prince Ribbit.
Prince Ribbit is moderately wounded.
Prince Ribbit hits you!
* * * LOW HITPOINT WARNING * * *
You block Prince Ribbit's attack.
You miss Prince Ribbit. You bite Prince Ribbit.
Prince Ribbit's magic leaks into the air.
You drain his magic.
You feel invigorated.
Prince Ribbit is moderately wounded.
You are near starving!
Prince Ribbit hits you!
You die...

#####...........#..............#
****#.....(.....#..............#
,,,,............#..............#*
,,,,....[.....(..................
,,,..............................
,,,......................ยง......,
,,,,,,......<...........(###....,
*****,..........F........# *...,,
**##########@......### *,,,,,
#......(# *,,,,, #.......# ******
#.......# #.......# #......>#
#########


You could see Prince Ribbit.

Vanquished Creatures
  A phantom (D:4)
  2 ogres (D:4)
  An orc wizard (D:4)
  A bullfrog skeleton (D:4)
  Natasha (twice) (D:2)
  4 worker ants (D:4)
  5 adders
  3 worms
  4 dart slugs
  2 leopard geckos
  7 orcs
  2 ball pythons
  6 giant cockroaches
  5 goblins
  11 hobgoblins
  2 jackals (D:1)
  11 kobolds
  2 quokkas
  4 bats
  2 frilled lizards
  A jackal skeleton (D:4)
  A quokka skeleton (D:4)
  3 rats (D:1)
82 creatures vanquished.

Notes
Turn   | Place    | Note
-------+----------+-------------------------------------------
     0 | D:1      | Ivernyr the Vine Stalker Monk began the quest for the Orb.
     0 | D:1      | Reached XP level 1. HP: 11/11 MP: 2/2
    11 | D:1      | Noticed an ogre
    17 | D:1      | Noticed a vampire
    17 | D:1      | Noticed a minotaur skeleton
    21 | D:1      | Noticed a centaur
   678 | D:1      | Reached XP level 2. HP: 16/16 MP: 3/3
   699 | D:1      | Reached skill level 1 in Armour
  1381 | D:1      | Found a glowing golden altar of the Shining One.
  1387 | D:1      | Reached XP level 3. HP: 17/19 MP: 4/4
  1804 | D:2      | Noticed Natasha
  1812 | D:2      | Killed Natasha
  1812 | D:2      | Gained mutation: Your natural rate of healing is unusually fast. [Vine Stalker growth]
  1812 | D:2      | Reached XP level 4. HP: 20/24 MP: 5/5
  1868 | D:2      | Found a hazy altar of Hepliaklqana.
  1977 | D:2      | Reached skill level 1 in Shields
  2172 | D:2      | Found a faded altar of an unknown god.
  2245 | D:2      | Noticed Natasha
  2253 | D:2      | Killed Natasha
  2253 | D:2      | Reached XP level 5. HP: 27/28 MP: 6/6
  3321 | D:4      | Found a deep blue altar of Sif Muna.
  3501 | D:4      | Reached XP level 6. HP: 32/32 MP: 7/7
  3711 | D:4      | Found a sparkling altar of Nemelex Xobeh.
  3749 | D:4      | Reached XP level 7. HP: 37/37 MP: 8/8
  4256 | D:5      | Entered Level 5 of the Dungeon
  4260 | D:5      | Noticed Prince Ribbit
  4261 | D:5      | Noticed Edmund
  4334 | D:4      | Found a sparkling altar of Nemelex Xobeh.
  4548 | D:4      | HP: 1/37 [Prince Ribbit (10)]
  4549 | D:4      | Slain by Prince Ribbit

Skill      XL: |  1  2  3  4  5  6  7 |
---------------+----------------------+-----
Armour         | 1 2 3 |  3.9
Maces & Flails | 3 4 |  4.1
Fighting       | 3 4 |  4.1
Shields        | 1 2 |  2.6
Dodging        | |  2.4
Stealth        | |  2.4

Action                   |  1- 3 |  4- 6 |  7- 9 || total
-------------------------+-------+-------+-------++-------
Melee: Mace              |   106 |   205 |   106 ||   417
       Bite              |    29 |    53 |    28 ||   110
Throw: Javelin           |       |    13 |    21 ||    34
 Stab: Sleeping          |     1 |       |       ||     1
  Eat: Chunk             |     3 |     7 |     1 ||    11
Armor: Scale mail        |    31 |    19 |       ||    50
       Robe              |     5 |       |       ||     5
       Plate armour      |       |    72 |    52 ||   124
Dodge: Dodged            |    41 |    19 |     7 ||    67
Block: Large shield      |    29 |   126 |    62 ||   217
